 Dungeon Crawl Stone Soup version 0.29-a0-275-g389c0b56f3 (webtiles) character file.

Game seed: 13628468014193870626

1294 horus123 the Thaumaturge (level 8, -2/41 HPs)
             Began as a Deep Elf Conjurer on Mar 12, 2022.
             Succumbed to a scorpion's poison
             ... on level 5 of the Dungeon.
             The game lasted 00:10:29 (4490 turns).

horus123 the Thaumaturge (Deep Elf Conjurer)        Turns: 4490, Time: 00:10:30

Health: -2/41      AC: 10    Str:  4    XL:     8   Next: 30%
Magic:  23/23      EV: 12    Int: 28    God:
Gold:   171        SH:  0    Dex: 13    Spells: 12/25 levels left

rFire   . . .      SeeInvis .   r - +2 short sword (freeze)
rCold   . . .      Faith    .   (no shield)
rNeg    + . .      Spirit   .   t - +0 robe {rN+}
rPois   .          Reflect  .   q - +0 helmet
rElec   .          Harm     .   u - +1 cloak
rCorr   .          Rampage  .   (no gloves)
Will    +....                   d - +0 pair of boots
Stlth   ++........              (no amulet)
HPRegen 0.13/turn               g - +4 ring of protection
MPRegen 0.18/turn               (no ring)

@: lethally poisoned (-2 -> -16)
A: clever 1, deterioration 1, strong-willed 1
a: no special abilities


You were on level 5 of the Dungeon.
You visited 1 branch of the dungeon, and saw 5 of its levels.

You collected 171 gold pieces.

Inventory:

Hand Weapons
 j - a +4 dagger of venom
 r - a +2 short sword of freezing (weapon)
Armour
 d - a +0 pair of boots (worn)
 q - a +0 helmet (worn)
 t - a +0 robe of positive energy (worn)
 u - a +1 cloak (worn)
Jewellery
 g - a +4 ring of protection (left hand)
 v - a ring of protection from fire
Wands
 e - a wand of flame (23)
 s - a wand of paralysis (14)
Scrolls
 a - a scroll of noise {unknown}
 c - a scroll of teleportation
 l - a scroll of amnesia
 o - 2 scrolls of fear
Potions
 b - a potion of magic
 h - 2 potions of resistance
 i - 2 potions of lignification {unknown}
 k - a potion of cancellation {unknown}
 m - a potion of flight {unknown}
 n - 3 potions of curing {unknown}
 p - 3 potions of heal wounds {unknown}


   Skills:
 - Level 2.4 Dodging
 - Level 2.4 Stealth
 - Level 9.0 Spellcasting
 - Level 9.0 Conjurations
 + Level 3.9 Hexes


You had 12 spell levels left.
You knew the following spells:

 Your Spells              Type           Power      Damage    Failure   Level
a - Magic Dart            Conj           100%       1d8       1%          1
b - Searing Ray           Conj           100%       2d8       1%          2
c - Fulminant Prism       Conj/Hex       24%        3d13      3%          4
d - Iskenderun's Mystic   Conj/Tloc      37%        2d9       7%          4
e - Ensorcelled Hibernat  Hex/Ice        46%        N/A       3%          2

Your spell library contained the following spells:

 Spells                   Type           Power      Damage    Failure   Level
 Dazzling Flash           Conj/Hex       96%        N/A       1%          3
 Passwall                 Tmut/Erth      10%        N/A       7%          2
 Swiftness                Air            12%        N/A       13%         3


Dungeon Overview and Level Annotations

Branches:
Dungeon (5/15)
 Temple: D:4-7

Altars:
Ru

Shops:
D:4 :


Innate Abilities, Weirdness & Mutations

Your mind is acute. (Int +2)
Your body sometimes deteriorates upon taking damage.
You are strong-willed. (Will+)


Message History

Aiming: Searing Ray (safe; 1% risk of failure)
Press: ? - help, Shift-Dir - straight line, f/p - Dowan
Aim: Dowan, wielding a +0 dagger and wearing a +0 robe (severely wounded, fast, 76% to hit)
The searing ray hits Dowan!
You kill Dowan! (Press . to maintain the ray.)
The searing ray hits the scorpion!
The scorpion is heavily wounded.
The searing ray hits the scorpion.
The scorpion is heavily wounded.
The searing ray hits the scorpion.
The scorpion is almost dead.
You finish channelling your searing ray.
The scorpion misses you.
Casting: Searing Ray (safe; 1% risk of failure)
Confirm with . or Enter, or press ? or * to list all spells.
Aiming: Searing Ray (safe; 1% risk of failure)
Press: ? - help, Shift-Dir - straight line, f - scorpion
Aim: a scorpion (almost dead, 83% to hit)
The searing ray hits the scorpion.
The scorpion is almost dead. (Press . to maintain the ray.)
The scorpion stings you.
You are poisoned.
The scorpion poisons you! The scorpion attacks as you move away!
The scorpion closely misses you.
You feel very sick. The scorpion attacks as you move away!
The scorpion closely misses you.
You feel sick.
You feel sick. The scorpion stings you.
* * * LOW HITPOINT WARNING * * *
You are lethally poisoned!
The scorpion poisons you! Magic courses through your body.
* * * LOW HITPOINT WARNING * * *
You feel very sick. The scorpion misses you.
It was a potion of mutation.
You feel extremely strange.
You feel yourself wasting away.
You feel strong-willed.
You feel clever.
You die...

.....#........#.......#
##...#).......#.......#
#
..†..........#.#####.#
#. ........... #.. ..
#)........#.#####.. #.
#.........#........
#.#.........######..#
#...s...............#
####@♣♣♣♣♣♣♣♣♣.###...
#♣......... ##.#
♣.≈≈≈≈≈≈≈.♣####..
♣≈..≈≈≈..≈♣.....#
♣≈.≈...≈.≈♣.....#
♣≈.≈._.≈.≈♣......
♣≈.≈...≈.≈♣......
♣≈..≈≈≈.[≈♣......
♣.≈≈≈≈≈≈≈.♣......


You could see a scorpion.

Vanquished Creatures
  Sigmund (D:2)
  A water moccasin (D:5)
  Duvessa (D:5)
  Blork the orc (D:4)
  Dowan (D:5)
  4 wights (D:5)
  4 hounds
  2 jellies
  A gnoll shaman (D:5)
  Jessica (D:2)
  2 iguanas (D:4)
  Natasha (thrice) (D:2)
  An orc wizard (D:3)
  Robin (D:3)
  8 gnolls (D:5)
  5 adders
  A worm (D:2)
  2 dart slugs (D:1)
  4 orcs
  5 ball pythons
  3 bats
  6 endoplasms
  2 giant cockroaches
  15 goblins
  5 hobgoblins
  A jackal (D:5)
  5 quokkas
  4 frilled lizards
  10 kobolds
  5 rats
105 creatures vanquished.

Vanquished Creatures (others)
  3 fungi (D:3)
  4 toadstools (D:1)
7 creatures vanquished.

Grand Total: 112 creatures vanquished

Notes
Turn   | Place    | Note
-------+----------+-------------------------------------------
     0 | D:1      | horus123 the Deep Elf Conjurer began the quest for the Orb.
     0 | D:1      | Reached XP level 1. HP: 10/10 MP: 6/6
   236 | D:1      | Found a faded altar of an unknown god.
   257 | D:1      | Reached XP level 2. HP: 15/15 MP: 6/9
   865 | D:2      | Reached skill level 5 in Spellcasting
   865 | D:2      | Reached XP level 3. HP: 19/19 MP: 6/11
   868 | D:2      | Learned a level 2 spell: Searing Ray
   927 | D:2      | Noticed Natasha
   932 | D:2      | Killed Natasha
  1180 | D:2      | Reached XP level 4. HP: 24/24 MP: 11/13
  1205 | D:2      | Noticed Jessica
  1206 | D:2      | Noticed Natasha
  1211 | D:2      | Killed Natasha
  1211 | D:2      | Killed Jessica
  1313 | D:2      | Noticed Sigmund
  1320 | D:2      | Killed Sigmund
  1321 | D:2      | Reached XP level 5. HP: 28/28 MP: 6/18
  1321 | D:2      | Reached XP level 6. HP: 32/32 MP: 6/19
  1829 | D:2      | Noticed Natasha
  1835 | D:2      | Killed Natasha
  1948 | D:3      | Learned a level 4 spell: Fulminant Prism
  1953 | D:3      | Learned a level 4 spell: Iskenderun's Mystic Blast
  2412 | D:3      | Noticed Robin
  2671 | D:3      | Killed Robin
  2723 | D:3      | Learned a level 2 spell: Ensorcelled Hibernation
  2738 | D:4      | Reached skill level 5 in Conjurations
  2764 | D:4      | Found Axiar's Book Shoppe.
  3173 | D:4      | Reached XP level 7. HP: 36/36 MP: 15/21
  3457 | D:4      | Noticed Blork the orc
  3464 | D:4      | Killed Blork the orc
  3665 | D:5      | Entered Level 5 of the Dungeon
  4206 | D:5      | Reached XP level 8. HP: 34/41 MP: 15/23
  4452 | D:5      | Found a sacrificial altar of Ru.
  4465 | D:5      | Noticed Duvessa
  4469 | D:5      | Noticed Dowan
  4476 | D:5      | Killed Duvessa
  4481 | D:5      | Killed Dowan
  4489 | D:5      | HP: 1/41 [poisoned by a scorpion]
  4490 | D:5      | Gained mutation: Your body sometimes deteriorates upon
                  | taking damage. [potion of mutation]
  4490 | D:5      | Gained mutation: You are strong-willed. (Will+) [potion of
                  | mutation]
  4490 | D:5      | Gained mutation: Your mind is acute. (Int +2) [potion of
                  | mutation]
  4490 | D:5      | Succumbed to a scorpion's poison

Illustrated notes

Levels and vault maps discovered:
D:1:      ldierk_walled_garden_2, layout_rooms,
          shapermc_ecumenical_altar_totnotflames
D:2:      layout_basic, uniq_sigmund, uniq_jessica, uniq_natasha
D:3:      layout_loops_ring, dreamdust_mushroom_princess,
          hangedman_decor_lopped, uniq_robin
D:4:      layout_loops_cross, serial_shops, shop_statue, minmay_crystal_room,
          uniq_blork_the_orc
D:5:      layout_basic, lemuel_round_altar, mainiacjoe_overflow_paths,
          uniq_duvessa, uniq_edmund

Skill      XL: |  1  2  3  4  5  6  7  8 |
---------------+-------------------------+-----
Spellcasting   | 4 5 8 9 |  9.0
Conjurations   | 5 8 9 |  9.0
Hexes          | 3 |  3.9
Dodging        | |  2.4
Stealth        | |  2.4

Action                   |  1- 3 |  4- 6 |  7- 9 || total
-------------------------+-------+-------+-------++-------
Melee: Short sword       |       |       |     1 ||     1
 Cast: Magic Dart        |    46 |    83 |    47 ||   176
       Searing Ray       |     1 |    15 |    17 ||    33
       Iskenderun's Myst |       |       |     1 ||     1
  Use: Scroll            |     4 |     4 |     1 ||     9
       Potion            |       |       |     2 ||     2
Armor: Robe              |     2 |       |    10 ||    12
Dodge: Dodged            |     2 |    10 |    16 ||    28

Table legend: (Time is in decaauts)
 A = Elapsed time spent in this place.
 B = Non-inter-level travel time spent in this place.
 C = Inter-level travel time spent in this place.
 D = Time resting spent in this place.
 E = Time spent auto-exploring this place.
 F = Levels seen in this place.
 G = Mean time per level.
                   A        B        C        D        E       F      G
               +--------+--------+--------+--------+--------+-----+--------+
         Total |   4498 |   4430 |     68 |    463 |   3337 |   5 |  899.6 |
       Dungeon |   4498 |   4430 |     68 |    463 |   3337 |   5 |  899.6 |
               +--------+--------+--------+--------+--------+-----+--------+

Top non-repeatable levels by time:
     D:2: 1088 daAuts
     D:4: 930 daAuts
     D:1: 827 daAuts
     D:3: 827 daAuts
     D:5: 824 daAuts
